 Dungeon Crawl Stone Soup version 0.28-a0-751-gef3a642a4e (webtiles) character file.

Game seed: 13600236489278872116

10 BlueGoblin the Changer (level 2, 0/21 HPs)
             Began as a Merfolk Transmuter on Oct 30, 2021.
             Slain by a jackal (3 damage)
             ... on level 2 of the Dungeon.
             The game lasted 00:02:34 (737 turns).

BlueGoblin the Changer (Merfolk Transmuter)          Turns: 737, Time: 00:02:34

Health: 0/21       AC:  2    Str: 10    XL:     2   Next: 20%
Magic:  4/5        EV: 13    Int: 12    God:
Gold:   0          SH:  0    Dex: 14    Spells: 4/5 levels left

rFire   . . .      SeeInvis .     - Unarmed
rCold   . . .      Faith    .   (no shield)
rNeg    . . .      Spirit   .   a - +0 robe
rPois   .          Reflect  .   (helmet currently unavailable)
rElec   .          Harm     .   (no cloak)
rCorr   .          Rampage  .   (no gloves)
Will    .....                   (boots currently unavailable)
Stlth   +.........              (no amulet)
HPRegen 0.07/turn               (no ring)
MPRegen 0.09/turn               (no ring)

@: lethally poisoned (0 -> -4), appendages
A: horns 2, (nimble swimmer 2), mertail
a: End Transformation


You were on level 2 of the Dungeon.
You had temporarily grown beastly horns.
You visited 1 branch of the dungeon, and saw 2 of its levels.

Inventory:

Armour
 a - a +0 robe (worn)
Potions
 c - a potion of might {unknown}


   Skills:
 - Level 1.1 Fighting
 + Level 3.3 Dodging
 - Level 3.2 Unarmed Combat
 - Level 2.0 Spellcasting
 + Level 3.3 Transmutations


You had 4 spell levels left.
You knew the following spells:

 Your Spells              Type           Power      Damage    Failure   Level
a - Beastly Appendage     Tmut           18%        N/A       7%          1

Your spell library contained the following spells:

 Spells                   Type           Power      Damage    Failure   Level
 Wereblood                Tmut           9%         N/A       11%         2
 Spider Form              Tmut/Pois      2%         N/A       38%         3
 Ice Form                 Ice/Tmut       5%         N/A       80%         4


Dungeon Overview and Level Annotations

Branches:
Dungeon (2/15)

Altars:


Innate Abilities, Weirdness & Mutations

You have temporarily grown beastly horns.
((You are quick and stealthy near water. (Stealth+, EV+, Speed+++)))
Your lower body shifts to a powerful aquatic tail in water.


Message History

Press: ? - help, Q - select action Dir - look around, f - activate You grow a pair of large bovine horns.
The jackal closely misses you. The adder closely misses you.
You hit the adder. Your headbutt misses the adder.
The adder is lightly wounded.
The jackal bites you. The adder closely misses you.
The jackal barely misses you.
You barely miss the adder.
The adder is lightly wounded.
The adder closely misses you.
The jackal bites you but does no damage.
The jackal closely misses you.
You barely miss the adder.
The adder is lightly wounded.
The adder closely misses you. The jackal bites you.
The jackal barely misses you.
The jackal bites you but does no damage.
You miss the adder.
The adder is lightly wounded.
The adder misses you. The jackal misses you. The jackal bites you.
The jackal bites you but does no damage.
The adder bites you.
You are poisoned.
The adder poisons you! The jackal bites you.
You hit the adder but do no damage. You headbutt the adder.
The adder is heavily wounded.
You feel sick. The jackal barely misses you. The jackal completely misses you.
The adder barely misses you.
The jackal bites you but does no damage.
The jackal bites you.
* * * LOW HITPOINT WARNING * * *
The jackal misses you.
You hit the adder.
The adder is severely wounded.
The adder barely misses you. The jackal bites you.
* * * LOW HITPOINT WARNING * * *
The jackal bites you.
* * * LOW HITPOINT WARNING * * *
The jackal bites you.
You die...

_h≈h≈+.###.#.########
#..#.#.....#.#
#..#.##....#.#
#....#.....#.#
.....##....#.#
#######....#.#
#....#.#
######.########.###
>.........S@hh.g....
.......####hh....l..
....... #..#####..
....... #..#!$$#..
....... #..#[$[#..
####### #..#$((#..
#..#####.g #.........


You could see an adder, 4 jackals, a goblin and a frilled lizard.

Vanquished Creatures
  A worm (D:2)
  A dart slug (D:2)
  An endoplasm (D:1)
  A giant cockroach (D:1)
  A hobgoblin (D:2)
5 creatures vanquished.

Notes
Turn   | Place    | Note
-------+----------+-------------------------------------------
     0 | D:1      | BlueGoblin the Merfolk Transmuter began the quest for the
                  | Orb.
     0 | D:1      | Reached XP level 1. HP: 15/15 MP: 3/3
    62 | D:2      | Found a faded altar of an unknown god.
   190 | D:2      | Reached XP level 2. HP: 11/21 MP: 3/5
   737 | D:2      | Slain by a jackal

Illustrated notes

Levels and vault maps discovered:
D:1:      minmay_arrival_jagged, layout_rooms, serial_bayou_pond_b, hex_tiny
D:2:      layout_basic, shapermc_ecumenical_altar_notcrosses,
          minmay_misc_feat_nine_boxes, due_unseen_surprise, uniq_terence

Skill      XL: |  1 |
---------------+----+-----
Dodging        | 3 |  3.3
Transmutations | 3 |  3.3
Fighting       | |  1.1
Unarmed Combat | |  3.2
Spellcasting   | |  2.0

Action                   || total
-------------------------++-------
Melee: Unarmed           ||    32
       Headbutt          ||     3
       Tailslap          ||     2
       Punch             ||     1
 Cast: Beastly Appendage ||     5
  Use: Scroll            ||     1
Armor: Robe              ||     7
Dodge: Dodged            ||    35

Table legend: (Time is in decaauts)
 A = Elapsed time spent in this place.
 B = Non-inter-level travel time spent in this place.
 C = Inter-level travel time spent in this place.
 D = Time resting spent in this place.
 E = Time spent auto-exploring this place.
 F = Levels seen in this place.
 G = Mean time per level.
                   A        B        C        D        E       F      G
               +--------+--------+--------+--------+--------+-----+--------+
         Total |    725 |    725 |      0 |    484 |     28 |   2 |  362.5 |
       Dungeon |    725 |    725 |      0 |    484 |     28 |   2 |  362.5 |
               +--------+--------+--------+--------+--------+-----+--------+

Top non-repeatable levels by time:
     D:2: 663 daAuts
     D:1: 61 daAuts
